 Dungeon Crawl Stone Soup version 0.21.1-1-g345015f (webtiles) character file.

22047 Tarshaid the Martial Artist (level 12, 0/106 HPs)
             Began as a Pale Draconian Transmuter on Apr 15, 2018.
             Was an Initiate of Gozag.
             Slain by a vampire mosquito (13 damage)
             ... on level 13 of the Dungeon.
             The game lasted 01:03:55 (14504 turns).

Tarshaid the Martial Artist (DrTm)                 Turns: 14504, Time: 01:03:58

Health: 0/106      AC: 10    Str: 12    XL:     12   Next: 59%
Magic:  15/20      EV: 17    Int: 18    God:    Gozag
Gold:   912        SH:  0    Dex: 13    Spells: 11/22 levels left

rFire    . . .     SeeInvis .     - Unarmed
rCold    . . .     Gourm    .   (shield currently unavailable)
rNeg     . . .     Faith    .   (armour unavailable)
rPois    .         Spirit   .   (helmet restricted)
rElec    .         Reflect  .   E - +0 cloak
rCorr    .         Harm     .   (gloves currently unavailable)
MR       .....                  q - +0 pair of boots
Stlth    ++........             (no amulet)
HPRegen  0.27/turn              i - ring of stealth
MPRegen  0.17/turn              (no ring)

@: short of breath, blade hands
A: breathe steam, unfitting armour, cold-blooded, AC +8
a: Breathe Steam, End Transformation, Potion Petition, Call Merchant, Bribe
Branch, Renounce Religion


You were on level 13 of the Dungeon.
You worshipped Gozag.
Gozag was pleased with you.
You were not hungry.
You had blades for hands.
You visited 2 branches of the dungeon, and saw 14 of its levels.
You also visited: Ossuary.

You collected 2645 gold pieces.
You paid 1733 gold pieces to Gozag.

Inventory:

Missiles
 a - 270 arrows
 h - 284 stones (quivered)
Armour
 q - a +0 pair of boots (worn)
 r - a +0 buckler (melded)
 x - a +0 pair of gloves (melded)
 E - a +0 cloak (worn)
 J - a +0 shield
Jewellery
 i - a ring of stealth (left scythe-like blade)
Wands
 l - a wand of paralysis (17)
 u - a wand of flame (6)
 G - a wand of digging (13)
Scrolls
 d - a scroll of vulnerability
 e - 8 scrolls of identify
 j - 9 scrolls of remove curse
 k - 2 scrolls of fog
 o - 5 scrolls of teleportation
 s - 3 scrolls of fear
 y - 2 scrolls of enchant armour
 A - 2 scrolls of amnesia
 D - a scroll of torment {unknown}
 H - a scroll of immolation {unknown}
 K - a scroll of random uselessness {unknown}
 L - a scroll of silence {unknown}
Potions
 f - 6 potions of curing
 g - a potion of heal wounds {unknown}
 m - a potion of invisibility {unknown}
 n - 2 potions of brilliance {unknown}
 p - 2 potions of haste {unknown}
 t - a potion of cancellation {unknown}
 v - 5 potions of flight {unknown}
 z - 2 potions of magic
 B - a potion of agility {unknown}
 C - 2 potions of lignification
 I - a potion of might {unknown}
 M - a potion of mutation {unknown}
Books
 b - a book of Changes

   Spells                             Type                      Level
   a - Beastly Appendage              Transmutation                1
   b - Sticks to Snakes               Transmutation                2
   c - Spider Form                    Transmutation/Poison         3
   d - Ice Form                       Ice/Transmutation            4
   e - Blade Hands                    Transmutation                5
Comestibles
 c - 8 rations


   Skills:
 * Level 9.7 Fighting
 * Level 8.3 Dodging
 - Level 4.0 Shields
 * Level 11.1 Unarmed Combat
 + Level 5.9 Spellcasting
 - Level 10.1 Transmutations
 + Level 6.6 Evocations


You had 11 spell levels left.
You knew the following spells:

 Your Spells              Type           Power        Failure   Level  Hunger
a - Beastly Appendage     Tmut           #####.       9%          1    None
b - Sticks to Snakes      Tmut           #####...     10%         2    None
c - Spider Form           Tmut/Pois      ###.......   32%         3    ##.....
d - Blade Hands           Tmut           #####.....   34%         5    #####..


Dungeon Overview and Level Annotations

Branches:
Dungeon (13/15)            Temple (1/1) D:7            Lair (0/6) D:8
    Orc (0/2) D:11         Vaults (0/5) D:13

Altars:
Ashenzari
Cheibriados
Dithmenos
Elyvilon
Fedhas
Gozag
Hepliaklqana
Kikubaaqudgha
Makhleb
Nemelex Xobeh
Okawaru
Qazlal
Ru
Sif Muna
Trog
Uskayaw
Vehumet
Wu Jian
Xom
Yredelemnul
Zin
The Shining One

Portals:
Bailey: D:13

Annotations:
D:7 green ugly thing
D:11 AdmiralAndromeda's ghost, journeyman DrTm; Blork the orc
D:12 Snorg


Innate Abilities, Weirdness & Mutations

You can breathe blasts of scalding, opaque steam.
Your pale cyan-grey scales are hard. (AC +8)
You cannot fit into any form of body armour.
You are cold-blooded and may be slowed by cold attacks.


Message History

The vampire mosquito bites you!
* * * LOW HITPOINT WARNING * * *
The vampire mosquito draws strength from your injuries!
The vampire mosquito barely misses you.
Press: ? - help, Shift-Dir - straight line, f - vampire mosquito, p - vampire mosquito
Aim: a vampire mosquito You exhale a blast of scalding steam.
The ball of steam hits the vampire mosquito.
The vampire mosquito is almost destroyed.
The ball of steam hits the vampire mosquito.
The vampire mosquito is moderately damaged.
You feel slightly more hungry.
The vampire mosquito is engulfed in a cloud of scalding steam.
The vampire mosquito bites you.
* * * LOW HITPOINT WARNING * * *
The vampire mosquito draws strength from your injuries!
The vampire mosquito is engulfed in a cloud of scalding steam. x2
The vampire mosquito bites you!
You die...
Your body crumbles into a pile of gold.

,,,,,,* #.......?..,** *,,,,,,,
,,$,,,* #.........,,,***,,,,,,,
,,,,,,* #........,**,,,,,,oZ...
,,,,,,* *.......,,******,....o.
***+*** *,,....,,,* *,...... *,*
****#$##*** ***#.#.. **,* #.y#
*.... *,,* ##y# **#.. **,**
#####@##### #.. ,,,* #.........#
######.. +**** #$........#
#....... ,,,,* #.........#
#....... ,,,,* #.........#
#....... ,,,,*******#.........#
#....... ,,,,+,,,,,*#.........#
#.......
,,,,*****,*#.........#####.......
,,,,* *,,#.........#...+.......


You could see 2 vampire mosquitoes.

Vanquished Creatures
  6 two-headed ogres
  A deep elf mage (D:12)
  A wolf spider zombie (D:12)
  A manticore (D:12)
  2 ugly things (D:12)
  Psyche (D:12)
  A kobold demonologist (D:11)
  5 trolls
  Grinder (D:4)
  6 slime creatures (D:12)
  2 hippogriffs
  Sigmund (D:3)
  A water elemental (D:12)
  10 yaks
  A wyvern (D:8)
  A basilisk (D:12)
  A hungry ghost (D:10)
  2 vampire mosquitoes (D:13)
  A soldier ant (D:12)
  A water moccasin (D:10)
  6 orc warriors
  4 ice beasts
  5 sky beasts
  The ghost of Hylith the Skirmisher, an amateur HOFi (D:3)
  2 black bears
  A necrophage (D:8)
  2 phantoms
  5 ogres
  5 centaurs
  3 crocodiles
  An elf zombie (Ossuary)
  4 big kobolds
  9 bullfrogs
  3 wyvern skeletons
  8 scorpions
  29 killer bees
  A water moccasin skeleton (D:9)
  6 wights
  15 electric eels
  A howler monkey (D:5)
  A centaur zombie (D:5)
  4 crimson imps
  2 human zombies (Ossuary)
  Crazy Yiuf (D:2)
  5 orc priests
  13 hounds
  8 jellies
  13 orc wizards
  3 bullfrog skeletons
  3 centaur skeletons
  An iron imp (D:8)
  Terence (D:3)
  4 iguanas
  5 worker ants
  4 hound zombies (Ossuary)
  3 howler monkey zombies
  4 mummies (Ossuary)
  A worker ant zombie (D:7)
  12 adders
  4 shadow imps
  An ooze (D:1)
  An adder skeleton (D:4)
  A worm (D:2)
  5 dart slugs
  6 leopard geckos
  61 orcs
  3 ball pythons
  7 bats
  3 giant cockroaches
  10 hobgoblins
  18 kobolds
  7 quokkas
  4 frilled lizards
  8 goblins
  2 goblin zombies (Ossuary)
  2 kobold zombies (Ossuary)
  An orc zombie (Ossuary)
  16 rats
405 creatures vanquished.

Vanquished Creatures (others)
  2 dancing weapons (D:13)
  An orc (D:10)
  A quokka (D:9)
4 creatures vanquished.

Grand Total: 409 creatures vanquished

Notes
Turn   | Place    | Note
-------+----------+-------------------------------------------
     0 | D:1      | Tarshaid the Draconian Transmuter began the quest for the Orb.
     0 | D:1      | Reached XP level 1. HP: 16/16 MP: 3/3
   150 | D:1      | Reached XP level 2. HP: 10/23 MP: 3/5
   376 | D:1      | Learned a level 2 spell: Sticks to Snakes
   621 | D:1      | Reached XP level 3. HP: 27/29 MP: 4/6
   866 | D:2      | Found a runed door.
   927 | D:2      | Found a hide-covered altar of Uskayaw.
  1087 | D:2      | Reached XP level 4. HP: 27/36 MP: 5/7
  1239 | D:2      | Found a shattered altar of Ashenzari.
  1604 | D:2      | Reached skill level 4 in Unarmed Combat
  1851 | D:3      | Noticed Terence
  1901 | D:3      | Learned a level 3 spell: Spider Form
  2069 | D:3      | Noticed Sigmund
  2168 | D:3      | Noticed Hylith's ghost (amateur HOFi)
  2258 | D:3      | Reached XP level 5. HP: 28/41 MP: 5/8
  2322 | D:3      | Killed Terence
  3001 | D:4      | Reached skill level 5 in Unarmed Combat
  3001 | D:4      | Reached XP level 6. HP: 48/48 MP: 7/9
  3462 | D:4      | Noticed Grinder
  3479 | D:4      | Killed Grinder
  3479 | D:4      | Reached skill level 6 in Unarmed Combat
  3479 | D:4      | Reached skill level 5 in Transmutations
  3479 | D:4      | Your scales start taking on a pale cyan-grey colour.
  3479 | D:4      | Reached XP level 7. HP: 54/55 MP: 1/10
  3824 | D:5      | Entered Level 5 of the Dungeon
  3887 | D:5      | Found a sand-covered staircase.
  3893 | Ossuary  | Entered an ossuary
  4226 | Ossuary  | Reached skill level 7 in Unarmed Combat
  4362 | D:5      | Reached XP level 8. HP: 56/61 MP: 9/11
  4510 | D:5      | Reached skill level 1 in Evocations
  4917 | D:3      | Killed Sigmund
  4965 | D:3      | Killed Hylith's ghost
  5055 | D:2      | Noticed Crazy Yiuf
  5058 | D:2      | Killed Crazy Yiuf
  5280 | D:6      | Reached XP level 9. HP: 68/71 MP: 11/13
  5444 | D:6      | Found a blossoming altar of Fedhas.
  5764 | D:6      | Noticed a troll
  5804 | D:6      | Killed a troll
  5804 | D:6      | Reached skill level 8 in Unarmed Combat
  5980 | D:7      | Found a shattered altar of Ashenzari.
  6189 | D:7      | Found a staircase to the Ecumenical Temple.
  6205 | Temple   | Entered the Ecumenical Temple
  6397 | Temple   | Became a worshipper of Gozag Ym Sagoz the Greedy
  6451 | D:7      | Noticed a green ugly thing
  6691 | D:7      | Reached skill level 5 in Fighting
  6776 | D:7      | Found a radiant altar of Vehumet.
  7189 | D:8      | Noticed a two-headed ogre
  7378 | D:8      | Noticed a moth of wrath
  7380 | D:8      | Found a bloodstained altar of Trog.
  7384 | D:8      | You fall through a shaft for 3 floors!
  7410 | D:11     | Noticed a troll
  7420 | D:11     | Killed a troll
  7420 | D:11     | Reached XP level 10. HP: 50/83 MP: 13/15
  7475 | D:10     | Entered Level 10 of the Dungeon
  7727 | D:10     | Reached skill level 5 in Dodging
  8181 | D:10     | Noticed a two-headed ogre
  8217 | D:9      | Found a white marble altar of Elyvilon.
  8287 | D:9      | Reached skill level 9 in Unarmed Combat
  8388 | D:8      | Killed a two-headed ogre
  8605 | D:8      | Learned a level 5 spell: Blade Hands
  8624 | D:8      | Noticed a two-headed ogre
  8729 | D:8      | Killed a two-headed ogre
  8746 | D:8      | Reached XP level 11. HP: 46/92 MP: 13/17
  9027 | D:8      | Found a staircase to the Lair.
  9175 | D:8      | Found a snail-covered altar of Cheibriados.
  9395 | D:9      | Noticed a two-headed ogre
  9444 | D:9      | Killed a two-headed ogre
  9480 | D:9      | Reached skill level 5 in Evocations
  9845 | D:9      | Found a sparkling altar of Nemelex Xobeh.
  9845 | D:9      | Found a deep blue altar of Sif Muna.
 10025 | D:9      | Found a sacrificial altar of Ru.
 10355 | D:10     | Reached skill level 10 in Unarmed Combat
 10683 | D:10     | Noticed a two-headed ogre
 10701 | D:10     | Killed a two-headed ogre
 10701 | D:10     | Reached skill level 5 in Spellcasting
 10796 | D:10     | Killed a two-headed ogre
 10796 | D:10     | Reached skill level 10 in Transmutations
 11295 | D:11     | Reached skill level 1 in Shields
 11450 | D:11     | Noticed Blork the orc
 11563 | D:11     | Noticed AdmiralAndromeda's ghost (journeyman DrTm)
 12599 | D:11     | Reached XP level 12. HP: 103/103 MP: 19/19
 12676 | D:11     | Found a staircase to the Orcish Mines.
 12816 | D:12     | Noticed a two-headed ogre
 12832 | D:12     | Killed a two-headed ogre
 13238 | D:12     | Noticed Snorg
 13765 | D:12     | Noticed Psyche
 13843 | D:12     | Killed Psyche
 14420 | D:13     | Found a gate to the Vaults.
 14426 | D:13     | Reached skill level 11 in Unarmed Combat
 14426 | D:13     | HP: 5/105 [enchanted long sword (12)]
 14491 | D:13     | Found a flagged portal.
 14504 | D:13     | Slain by a vampire mosquito

Skill      XL: |  1  2  3  4  5  6  7  8  9 10 11 12 |
---------------+-------------------------------------+-----
Dodging        | 2 3 4 6 7 8 |  8.3
Fighting       | 2 4 5 7 8 9 |  9.7
Transmutations | 3 4 5 6 7 8 9 10 | 10.1
Unarmed Combat | 4 5 6 7 8 9 10 11 | 11.1
Evocations     | 2 3 4 5 6 |  6.6
Spellcasting   | 3 4 5 |  5.9
Shields        | 4 |  4.0

Action                   |  1- 3 |  4- 6 |  7- 9 | 10-12 || total
-------------------------+-------+-------+-------+-------++-------
Melee: Unarmed           |   105 |   183 |   284 |   516 ||  1088
       Headbutt          |    11 |    18 |    30 |    63 ||   122
       Tailslap          |    10 |    16 |    22 |    52 ||   100
       Kick              |     4 |     1 |       |       ||     5
       Punch             |       |       |     8 |     6 ||    14
Throw: Stone             |     5 |     1 |     3 |     7 ||    16
 Cast: Beastly Appendage |    19 |    31 |    34 |    71 ||   155
       Spider Form       |       |     6 |     4 |     2 ||    12
       Blade Hands       |       |       |       |    13 ||    13
Invok: Potion Petition   |       |       |       |     3 ||     3
 Abil: Breathe Steam     |       |       |    43 |    92 ||   135
Evoke: Wand              |       |       |       |    20 ||    20
  Use: Scroll            |       |     6 |       |     8 ||    14
       Potion            |       |       |     4 |       ||     4
 Stab: Sleeping          |       |     9 |     4 |     9 ||    22
       Distracted        |       |       |     1 |     2 ||     3
       Invisible         |       |       |       |     7 ||     7
  Eat: Chunk             |     1 |     9 |    11 |       ||    21
       Ration            |       |       |     2 |    12 ||    14
Armor: Skin              |    24 |    52 |   218 |   133 ||   427
Dodge: Dodged            |    56 |   109 |   168 |   294 ||   627
Block: Buckler           |       |       |       |    18 ||    18
